 Seeded DCSS version 0.30.1-4-g462c640d31 (webtiles) character file.

Game seed: 6351066067085065685 (custom seed)

1017 Esekla the Thaumaturge (level 8, -1/41 HPs)
             Began as a Deep Elf Wanderer on Sept 8, 2023.
             Was a Believer of Vehumet.
             Slain by a wyvern (12 damage)
             ... on level 7 of the Dungeon on Sept 9, 2023.
             The game lasted 00:39:23 (4840 turns).

Esekla the Thaumaturge (Deep Elf Wanderer)          Turns: 4840, Time: 00:39:24

Health: -1/41      AC:  5    Str: 11    XL:     8   Next: 2%
Magic:  19/22      EV: 12    Int: 21    God:    Vehumet [**....]
Gold:   333        SH:  4    Dex: 14    Spells: 15/24 levels left

rFire   . . .        s - +5 rapier of the Hero {heavy, rN+ Dex+3}
rCold   . . .        d - +0 buckler
rNeg    + . .        c - +0 robe
rPois   .            l - +0 helmet
rElec   .            E - +0 cloak
rCorr   .            k - +0 pair of gloves
SInv    .            (no boots)
Will    .....        y - amulet of magic regeneration
Stlth   ++           (no ring)
HPRegen 0.26/turn    (no ring)
MPRegen 0.58/turn

%: no passive effects
@: very slightly contaminated
A: no striking features
a: Renounce Religion


You were on level 7 of the Dungeon.
You worshipped Vehumet.
Vehumet was pleased with you.
You visited 1 branch of the dungeon, and saw 7 of its levels.

You collected 333 gold pieces.

Inventory:

Hand Weapons
 a - a +2 vampiric dagger
 r - a +0 trident
 s - the +5 rapier of the Hero (weapon) {heavy, rN+ Dex+3}
   (You found it on level 3 of the Dungeon)

   Dex:       It affects your dexterity (+3).
   rN:        It protects you from negative energy.
Missiles
 B - 9 poisoned darts (quivered)
Armour
 c - a +0 robe (worn)
 d - a +0 buckler (worn)
 k - a +0 pair of gloves (worn)
 l - a +0 helmet (worn)
 E - a +0 cloak (worn)
Jewellery
 y - an amulet of magic regeneration (around neck)
Wands
 v - a wand of flame (15)
 C - a wand of roots (16)
Scrolls
 g - 6 scrolls of identify {unknown}
 n - a scroll of enchant armour {unknown}
 o - 2 scrolls of amnesia {unknown}
 p - a scroll of immolation {unknown}
 q - 2 scrolls of blinking {unknown}
 u - 2 scrolls of fog {unknown}
 w - 3 scrolls of enchant weapon {unknown}
 x - a scroll of magic mapping {unknown}
 z - a scroll of fear
 A - a scroll of silence {unknown}
 D - a scroll of summoning {unknown}
Potions
 b - 2 potions of lignification
 e - 2 potions of ambrosia {unknown}
 f - 3 potions of attraction {unknown}
 h - a potion of heal wounds {unknown}
 i - a potion of haste {unknown}
 j - 6 potions of curing {unknown}
 m - a potion of mutation {unknown}
 t - 3 potions of brilliance {unknown}


   Skills:
 + Level 1.9 Short Blades
 * Level 3.6 Dodging
 + Level 2.1 Stealth
 + Level 1.6 Shields
 * Level 8.6 Spellcasting
 + Level 2.0 Conjurations
 * Level 4.3 Necromancy
 + Level 2.9 Translocations
 * Level 1.8 Air Magic
 * Level 2.6 Poison Magic
 + Level 1.1 Invocations


You had 15 spell levels left.
You knew the following spells:

 Your Spells              Type           Power      Damage    Failure   Level
a - Magic Dart            Conj           68%        1d6       4%          1
b - Blink                 Tloc           42%        N/A       4%          2
d - Vampiric Draining     Necr           27%        2d7       5%          3
p - Apportation           Tloc           42%        N/A       3%          1
v - Poisonous Vapours     Pois/Air       36%        N/A       7%          2

Your spell library contained the following spells:

 Spells                   Type           Power      Damage    Failure   Level
 Hailstorm                Conj/Ice       13%        3d5       22%         3
 Lesser Beckoning         Tloc           42%        N/A       4%          2
 Gell's Gravitas          Tloc           21%        N/A       10%         3
 Teleport Other           Tloc           21%        N/A       10%         3
 Spider Form              Tmut/Pois      14%        N/A       19%         3
 Ignite Poison            Fire/Tmut/Pois 12%        N/A       22%         3
 Cause Fear               Hex            4%         N/A       71%         4
 Summon Mana Viper        Hex/Summ       9%         N/A       96%         5


Dungeon Overview and Level Annotations

Branches:
Dungeon (7/15)             Temple (0/1) D:6

Altars:
Dithmenos
Hepliaklqana
Okawaru
Qazlal
Trog
Vehumet
Zin
The Shining One

Shops:
D:2 =   D:4 (

Annotations:
D:6 Pikel


Message History

You feel sick.
There is an open translucent door here.
Things that are here:
a +4 quarterstaff of chaos; a +0 cloak You feel sick.
You feel sick.
There is an open translucent door here.
Things that are here:
a +4 quarterstaff of chaos; a +0 cloak You feel sick.
You start putting on your armour.
You continue putting on your +0 cloak.
You feel sick.
You continue putting on your +0 cloak.
You feel sick.
You continue putting on your +0 cloak.
You feel sick.
You are no longer poisoned.
You continue putting on your +0 cloak.
You finish putting on your +0 cloak.
You start resting.
HP restored.
Saving game... please wait.
Welcome back, Esekla the Deep Elf Wanderer.
Game seed: 6351066067085065685 (custom seed) Vehumet says: Let it end in hellfire!
Press ? for a list of commands and other information.
A wyvern comes into view.
The wyvern hisses angrily.
You hit the wyvern.
The wyvern is lightly wounded.
The wyvern bites you! The wyvern barely misses you. The wyvern bites you!
* * * LOW HITPOINT WARNING * * *
Cast which spell? (? or * to list)
Aiming: Vampiric Draining (dangerous; 5% risk of failure)
Press: ? - help, Shift-Dir - straight line, f - wyvern
Aim: a wyvern You miscast Vampiric Draining.
You are very lightly contaminated with residual magic.
Nothing appears to happen.
The wyvern bites you!
You die...

#.#.......#
#.###'###.'
#.# .### #
#.# ...#
#.# #.# #.#
.# #.# .#
#.#####l#
#.....@.#
#########


You could see a wyvern.

Vanquished Creatures
  An ice beast (D:6)
  A sky beast (D:6)
  A black bear (D:2)
  2 scorpions (D:5)
  A gnoll bouda (D:3)
  5 hounds
  A jelly (D:6)
  Crazy Yiuf (D:7)
  3 iguanas
  A sleepcap (D:5)
  11 gnolls
  8 adders
  3 white imps
  A worm (D:4)
  3 dart slugs
  10 orcs
  6 ball pythons
  4 endoplasms
  8 goblins
  5 hobgoblins
  A quokka (D:1)
  4 bats
  4 frilled lizards
  5 kobolds
  A rat (D:2)
91 creatures vanquished.

Notes
Turn   | Place    | Note
-------+----------+-------------------------------------------
     0 | D:1      | Esekla the Deep Elf Wanderer began the quest for the Orb.
     0 | D:1      | Esekla set off with the following items: a +0 club, a
                  | potion of lignification, a +0 robe, a +0 buckler; and the
                  | following spells available to memorise: Apportation, Blink,
                  | Lesser Beckoning, Magic Dart, Ignite Poison, Vampiric
                  | Draining.
     0 | D:1      | Reached XP level 1. HP: 10/10 MP: 7/7
     2 | D:1      | Learned a level 1 spell: Magic Dart
     4 | D:1      | Learned a level 1 spell: Apportation
   231 | D:2      | Found Renulab's Jewellery Shop.
   438 | D:4      | Found a radiant altar of Vehumet.
   449 | D:4      | Found an iron altar of Okawaru.
   460 | D:4      | Found a glowing silver altar of Zin.
   541 | D:4      | Became a worshipper of Vehumet
   729 | D:3      | Reached skill level 1 in Dodging
   729 | D:3      | Reached XP level 2. HP: 15/15 MP: 5/9
  1017 | D:3      | Identified the +5 rapier of the Hero {heavy, rN+ Dex+3}
  1044 | D:2      | Reached skill level 5 in Spellcasting
  1202 | D:1      | Reached XP level 3. HP: 16/19 MP: 11/11
  1213 | D:1      | Learned a level 2 spell: Blink
  1217 | D:1      | Learned a level 3 spell: Vampiric Draining
  1227 | D:1      | Reached * piety under Vehumet
  1227 | D:1      | Offered knowledge of Foxfire by Vehumet.
  1663 | D:2      | Noticed a black bear
  1728 | D:2      | Reached skill level 1 in Conjurations
  1728 | D:2      | Reached XP level 4. HP: 15/24 MP: 5/13
  1952 | D:3      | Found a hazy altar of Hepliaklqana.
  1954 | D:3      | Found a bloodstained altar of Trog.
  1966 | D:3      | Reached skill level 1 in Short Blades
  1966 | D:3      | Reached skill level 1 in Necromancy
  1966 | D:3      | Found a stormy altar of Qazlal.
  2106 | D:3      | Reached skill level 6 in Spellcasting
  2264 | D:5      | Entered Level 5 of the Dungeon
  2291 | D:5      | Reached XP level 5. HP: 20/28 MP: 2/15
  2484 | D:5      | Reached XP level 6. HP: 32/32 MP: 15/17
  2518 | D:5      | Got the Parchment of the Lumpy Olives
  2524 | D:5      | Found a shadowy altar of Dithmenos.
  2607 | D:5      | Reached skill level 7 in Spellcasting
  2666 | D:5      | Offered knowledge of Poisonous Vapours by Vehumet.
  2670 | D:5      | Learned a level 2 spell: Poisonous Vapours
  2705 | D:5      | Reached ** piety under Vehumet
  3422 | D:2      | Reached skill level 8 in Spellcasting
  3422 | D:2      | Reached skill level 1 in Poison Magic
  3422 | D:2      | Reached XP level 7. HP: 31/36 MP: 12/20
  3453 | D:2      | Found a faded altar of an unknown god.
  3684 | D:4      | Found Ponaysk's Antique Weapon Boutique.
  4091 | D:4      | Found a glowing golden altar of the Shining One.
  4423 | D:6      | Found a staircase to the Ecumenical Temple.
  4466 | D:6      | Reached skill level 1 in Air Magic
  4698 | D:6      | Noticed Pikel
  4722 | D:7      | Found a runed translucent door.
  4724 | D:7      | Noticed Crazy Yiuf
  4731 | D:7      | Killed Crazy Yiuf
  4731 | D:7      | Offered knowledge of Hailstorm by Vehumet.
  4732 | D:7      | Reached XP level 8. HP: 27/41 MP: 16/22
  4840 | D:7      | Slain by a wyvern

Illustrated notes

Levels and vault maps discovered:
D:1:      sevenhm_arrival_forest_fort_small_3, layout_rooms,
          chequers_serial_rivers_room_b, minmay_misc_feat_five
D:2:      layout_loops_ring, dreamdust_ecumenical_altar_angels_and_demons,
          serial_shops, shop
D:3:      layout_basic, grunt_temple_overflow_open, minmay_misc_feat_iff
D:4:      layout_basic, nicolae_overflow_quartered_altars, serial_shops,
          nicolae_diamond_shop
D:5:      layout_loops_ring, lemuel_doored_altar, minmay_misc_feat_rows,
          dreamdust_wishing_well
D:6:      layout_loops_cross, fedhas_altar_fruit_tree,
          minmay_temple_entry_glass, uniq_pikel, uniq_blork_the_orc
D:7:      layout_basic, uniq_menkaure, uniq_joseph, uniq_crazy_yiuf_cottage

Skill      XL: |  1  2  3  4  5  6  7 |
---------------+----------------------+-----
Dodging        | 1 2 3 |  3.6
Spellcasting   | 5 6 8 |  8.6
Conjurations   | 1 2 |  2.0
Short Blades   | 1 |  1.9
Necromancy     | 1 2 3 4 |  4.3
Poison Magic   | 1 2 |  2.6
Stealth        | 2 |  2.1
Air Magic      | 1 |  1.8
Shields        | |  1.6
Translocations | |  2.9
Invocations    | |  1.1

Action                     |  1- 3 |  4- 6 |  7- 9 || total
---------------------------+-------+-------+-------++-------
  Melee: Short sword       |    48 |    21 |       ||    69
         Rapier            |     3 |    12 |    15 ||    30
         Dagger            |       |    57 |    32 ||    89
   Cast: Apportation       |    24 |    30 |     6 ||    60
         Magic Dart        |    53 |    61 |    34 ||   148
         Vampiric Draining |     2 |    27 |    15 ||    44
         Blink             |       |     1 |       ||     1
    Use: Scroll            |     1 |     1 |       ||     2
   Stab: Sleeping          |     3 |       |     1 ||     4
         Distracted        |       |       |     1 ||     1
 Armour: Robe              |    36 |    22 |    12 ||    70
  Dodge: Dodged            |    49 |    66 |    23 ||   138
  Block: Buckler           |    10 |    16 |    11 ||    37
